cohdb
Replays
Latest Replays
All Replays
Popular Replays
Top Player Replays
Match Explorer
How It Works
Community
CoH3 Stats
Reddit
Sign in to upload your games and track your stats! →
Sign in with Steam
Match 44242320
Unlisted
Match 44242320
Overview
Messages
Build Orders
End
Construct Section Command Post
Royal Engineer Section
Dingo Light Scout Car
Infantry Section
ML 3-inch Mortar Team
Construct Field Infirmary
Infantry Section
Selects Air and Sea Battlegroup
Selects Commando Section Paradrop
Selects Commando Support Section Paradrop
Commando Support Section Paradrop
Construct Platoon Command Post
Commando Section Paradrop
Selects Supply Surplus
Selects UNKNOWN (223837)
6-pounder Anti-tank Gun Team
Humber Armored Car
Time45
Arturokq
✠HerrKlingtGut✠
SxNine
0
0
Comments
sign in to comment!
No comments posted yet!